 Dungeon Crawl Stone Soup version 0.30-a0-373-gd37427bb62 (webtiles) character file.

Game seed: 8844866320348942283

175 freelancePsychic the Vexing (level 5, 24/24 HPs)
             Began as a Felid Wanderer on Nov 23, 2022.
             Quit the game on level 4 of the Dungeon.
             The game lasted 00:26:42 (6436 turns).

freelancePsychic the Vexing (Felid Wanderer)        Turns: 6436, Time: 00:26:42

Health: 24/24      AC:  2    Str:  7    XL:     5   Next: 29%
Magic:  8/8        EV: 19    Int: 12    God:
Gold:   209        SH:  0    Dex: 22    Spells: 0/6 levels left
                                        Lives:  0   Deaths: 2

rFire   . . .      SeeInvis +      - Unarmed
rCold   . . .      Faith    .    (shield unavailable)
rNeg    . . .      Spirit   .    (body armour unavailable)
rPois   .          Reflect  .    (helmet unavailable)
rElec   .          Harm     .    (cloak unavailable)
rCorr   .          Rampage  .    (gloves unavailable)
Will    .....      Clarity  +    (boots unavailable)
Stlth   ++........               (no amulet)
HPRegen 0.24/turn                d - +4 ring of evasion
MPRegen 0.11/turn                (no ring)

@: quick
A: very small, claws 1, fangs 3, see invisible, speed 1, shaggy fur 2, stealthy
paws, no weapons or thrown items, no armour, multi-lived, agile 1, clarity,
screaming 2
a: no special abilities


You were on level 4 of the Dungeon.
You visited 1 branch of the dungeon, and saw 5 of its levels.

You collected 248 gold pieces.
You spent 39 gold pieces at shops.

Inventory:

Jewellery
 d - a +4 ring of evasion (left paw)
Wands
 c - a wand of flame (6)
Scrolls
 a - 2 scrolls of fear
 b - a scroll of blinking
 f - a scroll of enchant armour {unknown}
 g - a scroll of teleportation {@r4}
 h - a scroll of identify {@r1}
 i - a scroll of fog
 o - a scroll of summoning {unknown}
Potions
 j - a potion of flight {unknown}
 k - a potion of ambrosia {unknown}
 l - a potion of lignification {unknown}
 m - a potion of degeneration {unknown}


   Skills:
 + Level 3.1 Fighting
 - Level 3.0 Unarmed Combat
 - Level 1.4 Spellcasting
 - Level 5.6 Hexes
 - Level 5.0 Summonings
 * Level 3.1 Ice Magic
 - Level 2.1 Evocations


You couldn't memorise any spells.
You knew the following spells:

 Your Spells              Type           Power      Damage    Failure   Level
a - Summon Small Mammal   Summ           52%        N/A       3%          1
b - Summon Guardian Gole  Hex/Summ       13%        N/A       10%         3
c - Frozen Ramparts       Ice            16%        1d3       24%         3

Your spell library contained the following spells:

 Spells                   Type           Power      Damage    Failure   Level
 Freeze                   Ice            32%        1d5       8%          1
 Hailstorm                Conj/Ice       4%         3d4       41%         3


Dungeon Overview and Level Annotations

Branches:
Dungeon (5/15)
 Temple: D:4-7

Altars:
Fedhas
Qazlal
The Shining One

Shops:
D:1 ![   D:4 *

Annotations:
D:3 Grinder


Innate Abilities, Weirdness & Mutations

You have sharp claws.
You have razor-sharp teeth.
You have supernaturally acute eyesight. (SInv)
You cover ground quickly. (Speed+)
You are covered in thick fur. (AC +2)
Your paws help you pounce on unaware monsters.
You are incapable of wielding weapons or throwing items.
You cannot wear armour.
You gain extra lives every three experience levels.
You are agile. (Dex +4, Str/Int -1)
You possess an exceptional clarity of mind.
You frequently scream uncontrollably at your foes.


Message History

The gnoll is lightly wounded.
Blork the orc hits your guardian golem with a +0 hand axe.
Your guardian golem disappears in a puff of smoke!
Your guardian golem explodes!
The fiery explosion engulfs Blork the orc!!
Blork the orc is engulfed in blazing flames.
Blork the orc dies!
Your rat bites the gnoll.
The gnoll misses you.
Your Fighting skill increases to level 3!
Your Ice Magic skill increases to level 3!
You feel better.
Your rat barely misses the gnoll.
The gnoll barely misses you.
You feel very mighty all of a sudden.
Your rat barely misses the gnoll.
The gnoll closely misses you.
You barely miss the gnoll.
The gnoll is moderately wounded.
Your rat bites the gnoll but does no damage.
The gnoll hits you with a +0 spear!
* * * LOW HITPOINT WARNING * * *
You barely miss the gnoll.
The gnoll is moderately wounded.
Your rat closely misses the gnoll.
The gnoll hits you with a +0 spear!
You die...
You are now level 5!
You rejoin the land of the living...
Done exploring.
(D) Dungeon
Where to? (Enter - D:4, ? - help)
You see here a +0 flail.
You see here a +0 dagger.
Things that are here:
a +1 mace of protection; a +0 club
There is a stone staircase leading down here.
You climb downwards.
There is a stone staircase leading up here.
There are monsters nearby!
There are monsters nearby!
There are monsters nearby!
You climb upwards.
There is a stone staircase leading down here.
Are you sure you want to abandon this character and quit the game? (Confirm with "yes".)

...............###..........###..
.......#.........#.....####....#.
.....#####.#####.................
.....# #.# ###........#######
.....# #.### #...#.##...## #
.....# #...# #...........####
..##.# ###.#####...............
.###.# #)...##[..#.###......[
.....# ####.@)...#..#####....
.....#############.#.##.###......
.................)....#......#...
....<..........................9.
.................................
...(...........................#.
...#.#.......)...................
#..#g#..........................#
#..#.#...........................


There were no monsters in sight!

Vanquished Creatures
  An adder (D:3)
  A worm (D:3)
  A dart slug (D:3)
  5 orcs
  3 bats
  3 endoplasms
  A giant cockroach (D:2)
  6 goblins
  4 hobgoblins
  6 jackals
  3 kobolds
  4 quokkas
  5 ball pythons
  A frilled lizard (D:2)
  A rat (D:1)
45 creatures vanquished.

Vanquished Creatures (collateral kills)
  A gnoll (D:3)
  3 adders
  A dart slug (D:3)
  6 orcs
  3 bats
  2 endoplasms
  A giant cockroach (D:4)
  A goblin (D:2)
  A hobgoblin (D:3)
  3 jackals
  3 kobolds
  2 ball pythons (D:2)
  A frilled lizard (D:3)
  A rat (D:1)
29 creatures vanquished.

Vanquished Creatures (others)
  A nameless horror (D:3)
  Blork the orc (D:4)
  A necrophage (D:5)
  2 scorpions (D:4)
  A howler monkey (D:5)
  A gnoll bouda (D:5)
  An orc wizard (D:3)
  10 gnolls
  An ufetubus (D:3)
  4 orcs
  A hobgoblin (D:4)
  2 jackals (D:3)
  5 fungi (D:5)
  4 plants
35 creatures vanquished.

Grand Total: 109 creatures vanquished

Notes
Turn   | Place    | Note
-------+----------+-------------------------------------------
     0 | D:1      | freelancePsychic the Felid Wanderer began the quest for the
                  | Orb.
     0 | D:1      | freelancePsychic set off with the following items: 2
                  | scrolls of fear, a scroll of blinking, a wand of flame (6);
                  | and the following spell memorised: Summon Small Mammal; and
                  | the following spells available to memorise: Summon Guardian
                  | Golem.
     0 | D:1      | Reached XP level 1. HP: 9/9 MP: 3/3
     7 | D:1      | Found Ygus's Distillery.
   276 | D:1      | Reached skill level 1 in Hexes
   610 | D:1      | Reached XP level 2. HP: 10/12 MP: 2/4
   693 | D:1      | Found Beiz's Armour Shoppe.
  1367 | D:1      | Gained mutation: You possess an exceptional clarity of
                  | mind. [potion of mutation]
  1367 | D:1      | Gained mutation: You occasionally shout uncontrollably at
                  | your foes. [potion of mutation]
  1367 | D:1      | Gained mutation: You frequently scream uncontrollably at
                  | your foes. [potion of mutation]
  1367 | D:1      | Gained mutation: You are agile. (Dex +4, Str/Int -1)
                  | [potion of mutation]
  1419 | D:1      | Reached XP level 3. HP: 15/15 MP: 1/6
  1423 | D:1      | Learned a level 3 spell: Summon Guardian Golem
  1691 | D:2      | Found a glowing golden altar of the Shining One.
  2310 | D:3      | Noticed a nameless horror
  2334 | D:3      | Killed a nameless horror
  2449 | D:3      | Reached XP level 4. HP: 19/19 MP: 5/7
  2477 | D:3      | Found a glowing golden altar of the Shining One.
  3247 | D:3      | Noticed Grinder
  3271 | D:3      | Paralysed by Grinder for 2 turns
  3597 | D:3      | Reached XP level 5. HP: 22/22 MP: 3/8
  4024 | D:2      | Upgraded the game from 0.30-a0-371-gad7725a93e to
                  | 0.30-a0-373-gd37427bb62
  4166 | D:4      | Noticed a phantom
  4264 | D:5      | Entered Level 5 of the Dungeon
  4264 | D:5      | Found a blossoming altar of Fedhas.
  4266 | D:5      | Found a stormy altar of Qazlal.
  4369 | D:4      | Reached skill level 5 in Hexes
  4369 | D:4      | Reached skill level 5 in Summonings
  4369 | D:4      | Gained mutation: You are covered in thick fur. (AC +2)
                  | [Felid growth]
  4369 | D:4      | Reached XP level 6. HP: 26/26 MP: 4/9
  5042 | D:3      | Reached skill level 1 in Ice Magic
  5272 | D:3      | Paralysed by Grinder for 4 turns
  5406 | D:4      | Found Enwyi's General Store.
  5412 | D:4      | Bought a potion of curing for 39 gold pieces
  5729 | D:5      | Learned a level 3 spell: Frozen Ramparts
  5733 | D:5      | Noticed Blork the orc
  6014 | D:5      | Reached XP level 7. HP: 30/30 MP: 6/10
  6239 | D:3      | Killed from afar by Grinder
  6240 | D:3      | Reached XP level 6. HP: 0/27 MP: 9/9
  6407 | D:4      | Killed Blork the orc
  6411 | D:4      | Slain by a gnoll
  6412 | D:4      | Reached XP level 5. HP: -3/24 MP: 1/8
  6436 | D:4      | Quit the game

Illustrated notes

Levels and vault maps discovered:
D:1:      heliophobic_arrival_henge, layout_loops_ring, serial_shops,
          shop_fountains, nicolae_shop_window_shopping, st_stairs_9,
          minmay_misc_feat_encased, feat_on_display
D:2:      wad_pebble_path, layout_basic, basic_altar, kennysheep_nondescript,
          guppyfry_early_lair_pool
D:3:      layout_loops_corners, mainiacjoe_overflow_boulevard, wad_orctagon,
          uniq_grinder
D:4:      layout_rooms, serial_shops, shop
D:5:      layout_cave_pools, grunt_temple_overflow_forces_of_nature,
          lemuel_mausoleum_altar_yredelemnul, minmay_misc_feat_nine_boxes,
          uniq_pikel, uniq_blork_the_orc

Skill      XL: |  1  2  3  4  5  6 |
---------------+-------------------+-----
Hexes          | 1 2 3 4 5 |  5.6
Summonings     | 4 5 |  5.0
Fighting       | 3 |  3.1
Ice Magic      | 3 |  3.1
Unarmed Combat | |  3.0
Spellcasting   | |  1.4
Evocations     | |  2.1

Action                   |  1- 3 |  4- 6 |  7- 9 || total
-------------------------+-------+-------+-------++-------
Melee: Unarmed           |    81 |    88 |       ||   169
       Bite              |    10 |    10 |       ||    20
       Punch             |     1 |     3 |       ||     4
 Cast: Summon Small Mamm |    76 |    69 |     7 ||   152
       Summon Guardian G |     3 |    46 |     4 ||    53
  Use: Potion            |     2 |     2 |     1 ||     5
       Scroll            |     6 |     1 |       ||     7
 Stab: Distracted        |     1 |     1 |       ||     2
       Sleeping          |     1 |     1 |       ||     2
Armor: Skin              |     3 |     4 |       ||     7
Dodge: Dodged            |   104 |   102 |    30 ||   236

Table legend: (Time is in decaauts)
 A = Elapsed time spent in this place.
 B = Non-inter-level travel time spent in this place.
 C = Inter-level travel time spent in this place.
 D = Time resting spent in this place.
 E = Time spent auto-exploring this place.
 F = Levels seen in this place.
 G = Mean time per level.
                   A        B        C        D        E       F      G
               +--------+--------+--------+--------+--------+-----+--------+
         Total |   5767 |   5543 |    224 |    321 |   3151 |   5 | 1153.4 |
       Dungeon |   5767 |   5543 |    224 |    321 |   3151 |   5 | 1153.4 |
               +--------+--------+--------+--------+--------+-----+--------+

Top non-repeatable levels by time:
     D:3: 2325 daAuts
     D:1: 1242 daAuts
     D:4: 1050 daAuts
     D:2: 937 daAuts
     D:5: 211 daAuts
